 Dungeon Crawl Stone Soup version 0.30-a0-989-g0d87f670db (webtiles) character file.

Game seed: 16190517267726853423

123 xian the Chopper (level 4, -3/37 HPs)
             Began as a Demonspawn Chaos Knight on Apr 3, 2023.
             Was a Plaything of Xom.
             Slain by a quicksilver ooze (glowing shapeshifter) (8 damage)
             ... on level 3 of the Dungeon.
             The game lasted 00:05:06 (2131 turns).

xian the Chopper (Demonspawn Chaos Knight)          Turns: 2131, Time: 00:05:07

Health: -3/37      AC:  8    Str: 15    XL:     4   Next: 80%
Magic:  0/4        EV: 11    Int: 13    God:    Xom [......]
Gold:   74         SH:  0    Dex: 12    Spells: 3/3 levels left

rFire   + . .      SeeInvis .    a - +0 hand axe (chaos)
rCold   x . .      Faith    .    (no shield)
rNeg    . . .      Spirit   .    b - +2 leather armour
rPois   .          Reflect  .    (helmet restricted)
rElec   .          Rampage  .    (no cloak)
rCorr   .                        (no gloves)
Will    .....                    h - +0 pair of boots
Stlth   +                        (no amulet)
HPRegen 0.26/turn                o - ring of fire
MPRegen 0.09/turn                (no ring)

@: engulfed (cannot breathe)
A: molten scales 1, antennae 1, wild magic 1, noise suppression
a: Renounce Religion


You were on level 3 of the Dungeon.
You worshipped Xom.
You were a very special plaything of Xom.
You visited 1 branch of the dungeon, and saw 3 of its levels.

You collected 74 gold pieces.

Inventory:

Hand Weapons
 a - a +0 hand axe of chaos (weapon)
Missiles
 g - 9 boomerangs
 p - 6 boomerangs of dispersal
 q - 4 javelins
Armour
 b - a +2 leather armour (worn)
 e - a +0 chain mail
 h - a +0 pair of boots (worn)
Jewellery
 o - a ring of fire (left hand)
Scrolls
 d - a scroll of fog {unknown}
 i - a scroll of acquirement {unknown}
 l - 2 scrolls of noise {unknown}
 m - a scroll of teleportation {unknown}
 n - 3 scrolls of identify {unknown}
Potions
 f - a potion of magic {unknown}
 j - a potion of mutation
 k - 3 potions of curing {unknown}
Miscellaneous
 c - a piece from Xom's chessboard (15/15) (quivered)


   Skills:
 + Level 3.7 Fighting
 + Level 4.1 Axes
 + Level 2.2 Armour
 + Level 1.5 Dodging


You had 3 spell levels left.
You didn't know any spells.
Your spell library was empty.

Dungeon Overview and Level Annotations

Branches:
Dungeon (3/15)

Altars:
Vehumet


Innate Abilities, Weirdness & Mutations

You are partially covered in molten scales. (AC +2)
You have a pair of small antennae on your head.
Your spells are a little harder to cast, but a little more powerful.
You passively dampen the noise of your surroundings.


Message History

You slash the ball python!
You kill the ball python!
You sense a monster nearby.
An orc comes into view. It is wielding a +0 hand axe.
The orc shouts!
An orc comes into view. It is wielding a +0 hand axe.
The orc shouts! "Have a taste of chaos, mortal."
The orc's +0 hand axe erupts in a glittering mayhem of colour.
The orc hits you with a +0 hand axe.
You hit the orc but do no damage.
The orc changes into a glowing shapeshifter!
Xom roars with laughter!
The glowing shapeshifter changes into a minotaur!
An orc comes into view. It is wielding a +0 hand axe.
The orc shouts!
You hit the minotaur. You freeze the minotaur.
The minotaur is lightly wounded.
The minotaur changes into a quicksilver ooze!
You hit the quicksilver ooze.
The quicksilver ooze seems to grow stronger.
The quicksilver ooze is lightly wounded.
The quicksilver ooze hits you. x2
You feel your power leaking away.
You closely miss the quicksilver ooze.
The quicksilver ooze is lightly wounded.
The quicksilver ooze hits you. The quicksilver ooze engulfs you!
The quicksilver ooze closely misses you.
The quicksilver ooze hits you!!
Ouch! That really hurt!
* * * LOW HITPOINT WARNING * * *
You emit a cloud of colourful smoke!
The quicksilver ooze hits you but does no damage.
You closely miss the quicksilver ooze.
The quicksilver ooze is lightly wounded.
* * * LOW HITPOINT WARNING * * *
Your lungs strain for air!
The quicksilver ooze hits you!
You die...
Xom giggles madly!

#.# ..# ..#
######o#
#....#.#
#.#<.#o#
#.####J#
#..ยงยงยง@#
######## {


You could see a quicksilver ooze shaped shifter (strong) and 2 orcs.

Vanquished Creatures
  A hound (D:2)
  3 gnolls (D:2)
  An adder (D:2)
  2 worms (D:2)
  A dart slug (D:2)
  6 endoplasms
  2 giant cockroaches (D:2)
  4 goblins
  4 hobgoblins
  3 jackals (D:1)
  2 ball pythons
  5 bats
  5 frilled lizards
  3 kobolds
  3 rats
45 creatures vanquished.

Vanquished Creatures (others)
  2 endoplasms (D:1)
  A goblin (D:1)
  A frilled lizard (D:1)
  A rat (D:1)
5 creatures vanquished.

Grand Total: 50 creatures vanquished

Notes
Turn   | Place    | Note
-------+----------+-------------------------------------------
     0 | D:1      | xian the Demonspawn Chaos Knight began the quest for the
                  | Orb.
     0 | D:1      | Reached XP level 1. HP: 18/18 MP: 1/1
    55 | D:1      | Reached skill level 1 in Dodging
   138 | D:1      | Reached skill level 3 in Axes
   449 | D:1      | Gained mutation: You are partially covered in molten
                  | scales. (AC +2) [demonic ancestry]
   449 | D:1      | Reached XP level 2. HP: 23/24 MP: 2/2
   918 | D:2      | Reached XP level 3. HP: 17/29 MP: 3/3
  1079 | D:2      | XOM: noise
  1086 | D:2      | XOM: confusion
  1089 | D:2      | Gained mutation: You have a pair of small antennae on your
                  | head. [potion of mutation]
  1089 | D:2      | Gained mutation: Your spells are a little harder to cast,
                  | but a little more powerful. [potion of mutation]
  1089 | D:2      | Gained mutation: You passively dampen the noise of your
                  | surroundings. [potion of mutation]
  1099 | D:2      | XOM: repel stairs
  1106 | D:2      | XOM: polymorph gnoll -> hound
  1120 | D:2      | Reached skill level 4 in Axes
  1120 | D:2      | Reached XP level 4. HP: 9/36 MP: 4/4
  1803 | D:2      | Found a radiant altar of Vehumet.
  2126 | D:3      | XOM: chaos upgrade
  2127 | D:3      | an orc changed into a glowing shapeshifter
  2127 | D:3      | Noticed a glowing shapeshifter (glowing shapeshifter)
  2127 | D:3      | a glowing shapeshifter changed into a minotaur
  2127 | D:3      | Noticed a minotaur (glowing shapeshifter)
  2128 | D:3      | a minotaur changed into a quicksilver ooze
  2128 | D:3      | Noticed a quicksilver ooze (glowing shapeshifter)
  2130 | D:3      | XOM: smoke on damage
  2131 | D:3      | Slain by a quicksilver ooze (glowing shapeshifter)

Illustrated notes

Levels and vault maps discovered:
D:1:      dpeg_arrival_long_road, layout_basic
D:2:      layout_basic, basic_altar
D:3:      layout_basic, mainiacjoe_overflow_tiny_flanked, gammafunk_ghost_split,
          kennysheep_orc_chapel

Skill      XL: |  1  2  3 |
---------------+----------+-----
Dodging        | 1 |  1.5
Axes           | 3 4 |  4.1
Armour         | 2 |  2.2
Fighting       | |  3.7

Action                     |  1- 3 |  4- 6 || total
---------------------------+-------+-------++-------
  Melee: Hand axe          |    86 |    63 ||   149
         Punch             |     1 |       ||     1
    Use: Potion            |     2 |       ||     2
   Stab: Sleeping          |       |     1 ||     1
 Armour: Leather armour    |    29 |    20 ||    49
  Dodge: Dodged            |    61 |    32 ||    93

Table legend: (Time is in decaauts)
 A = Elapsed time spent in this place.
 B = Non-inter-level travel time spent in this place.
 C = Inter-level travel time spent in this place.
 D = Time resting spent in this place.
 E = Time spent auto-exploring this place.
 F = Levels seen in this place.
 G = Mean time per level.
                   A        B        C        D        E       F      G
               +--------+--------+--------+--------+--------+-----+--------+
         Total |   2147 |   2074 |     73 |      0 |   1425 |   3 |  715.7 |
       Dungeon |   2147 |   2074 |     73 |      0 |   1425 |   3 |  715.7 |
               +--------+--------+--------+--------+--------+-----+--------+

Top non-repeatable levels by time:
     D:2: 1251 daAuts
     D:1: 879 daAuts
     D:3: 16 daAuts
